 Dungeon Crawl Stone Soup version 0.22.0-75-g3901e79 (webtiles) character file.

72 Anon1729 the Chopper (level 4, -6/40 HPs)
             Began as a Naga Gladiator on Sept 12, 2018.
             Killed from afar by a white imp (7 damage)
             ... with a puff of frost
             ... summoned by Natasha
             ... on level 3 of the Dungeon.
             The game lasted 00:03:41 (2862 turns).

Anon1729 the Chopper (Naga Gladiator)               Turns: 2862, Time: 00:03:46

Health: -6/40      AC:  4    Str: 17    XL:     4   Next: 25%
Magic:  4/4        EV: 10    Int:  9    God:
Gold:   103        SH:  0    Dex: 12    Spells: 3/3 levels left

rFire    . . .     SeeInvis +   a - +0 war axe
rCold    . . .     Gourm    .   (no shield)
rNeg     . . .     Faith    .   b - +0 leather armour
rPois    +         Spirit   .   c - +0 helmet
rElec    .         Reflect  .   (no cloak)
rCorr    .         Harm     .   (no gloves)
MR       .....                  (no barding)
Stlth    +.........             (no amulet)
HPRegen  0.13/turn              (no ring)
MPRegen  0.09/turn              (no ring)

@: slowed, very slow
A: large, see invisible, deformed body, poison resistance, slowness 2, slow
metabolism 1, spit poison 1, AC +1
a: Spit Poison


You were on level 3 of the Dungeon.
You were not hungry.

You visited 1 branch of the dungeon, and saw 3 of its levels.

You collected 103 gold pieces.

Inventory:

Hand Weapons
 a - a +0 war axe (weapon)
Missiles
 d - 3 throwing nets (quivered)
Armour
 b - a +0 leather armour (worn)
 c - a +0 helmet (worn)
Jewellery
 l - an uncursed amulet of rage {unknown}
Scrolls
 h - a scroll of fear {unknown}
 i - 5 scrolls of identify {unknown}
 j - 2 scrolls of remove curse {unknown}
 k - 3 scrolls of random uselessness {unknown}
 m - a scroll of enchant weapon {unknown}
Potions
 e - 3 potions of curing
 g - 2 potions of heal wounds {unknown}
 n - a potion of flight {unknown}
Comestibles
 f - 9 rations
 o - 4 chunks of flesh


   Skills:
 + Level 2.6 Fighting
 * Level 3.8 Axes
 - Level 2.0 Throwing
 + Level 1.0 Armour
 + Level 2.7 Dodging
 - Level 0.5 Stealth


You had 3 spell levels left.
You didn't know any spells.
Your spell library was empty.

Dungeon Overview and Level Annotations

Branches:
Dungeon (3/15)

Altars:
Kikubaaqudgha
Yredelemnul

Portals:
Sewer: D:3

Annotations:
D:3 Natasha


Innate Abilities, Weirdness & Mutations

You cannot wear boots.
Your serpentine skin is tough. (AC +1)
You have supernaturally acute eyesight. (SInv)
Armour fits poorly on your strangely shaped body.
Your system is resistant to poisons. (rPois)
You cover ground very slowly.
You have a slow metabolism.
You can spit poison.


Message History

You feel disoriented. The white imp gestures at you.
The puff of frost hits you! Natasha casts a spell at you.
You resist with some effort. The white imp barely misses you.
Natasha splashes around in the water.
The white imp gestures at you. The puff of frost hits you!
* * * LOW HITPOINT WARNING * * *
The white imp barely misses you. Natasha casts a spell at you.
You feel as though you will be slow longer.
There is a glowing drain here.
It was a potion of curing.
You feel better. Natasha casts a spell at you. The magic dart hits you!
* * * LOW HITPOINT WARNING * * *
The white imp gestures at you. The puff of frost hits you!
You die...

#. #..'...'.#
#..########.# #
.#..####.#.#.# ..
........<..#.# #.
>............# #.
.......^..####
#.##############.#.#
#...≈≈≈≈≈≈≈≈≈....#.#
#...≈≈≈5@≈≈≈≈..###.#
#.#.≈≈≈h≈≈≈≈≈.## #.#
#..############ #.#
#### ... ... #..


You could see Natasha and a white imp.

Vanquished Creatures
  An adder (D:2)
  An ooze (D:1)
  A worm (D:2)
  A dart slug (D:2)
  5 leopard geckos
  An orc (D:2)
  3 bats (D:2)
  4 bat zombies (D:2)
  6 giant cockroaches
  2 goblins (D:2)
  6 hobgoblins
  3 kobolds (D:1)
  A quokka (D:2)
  A ball python (D:1)
  3 frilled lizards
  3 rats
  2 rat zombies (D:2)
44 creatures vanquished.

Notes
Turn   | Place    | Note
-------+----------+-------------------------------------------
     0 | D:1      | Anon1729 the Naga Gladiator began the quest for the Orb.
     0 | D:1      | Reached XP level 1. HP: 19/19 MP: 1/1
   306 | D:1      | Reached XP level 2. HP: 10/26 MP: 2/2
  1308 | D:2      | Reached XP level 3. HP: 32/33 MP: 3/3
  1956 | D:2      | Found a basalt altar of Yredelemnul.
  2089 | D:2      | Found an ancient bone altar of Kikubaaqudgha.
  2401 | D:2      | Reached XP level 4. HP: 34/40 MP: 4/4
  2764 | D:3      | Found a glowing drain.
  2775 | D:3      | Reached skill level 1 in Armour
  2855 | D:3      | Noticed Natasha
  2861 | D:3      | HP: 1/40 [white imp/puff of frost[Natasha] (13)]
  2862 | D:3      | Killed from afar by a white imp

Skill      XL: |  1  2  3  4 |
---------------+-------------+-----
Throwing       | 2 |  2.0
Armour         | 1 |  1.0
Fighting       | |  2.6
Axes           | |  3.8
Dodging        | |  2.7
Stealth        | |  0.5

Action                   |  1- 3 |  4- 6 || total
-------------------------+-------+-------++-------
Melee: War axe           |   112 |    24 ||   136
 Abil: Spit Poison       |     4 |       ||     4
  Use: Potion            |       |     1 ||     1
 Stab: Sleeping          |     3 |       ||     3
  Eat: Chunk             |     3 |     2 ||     5
Armor: Leather armour    |    42 |     9 ||    51
Dodge: Dodged            |    80 |    19 ||    99
